 Dungeon Crawl Stone Soup version 0.29-a0-1009-g60c99734e7 (webtiles) character file.

Game seed: 7341742401151444240

4547 spiderkeys the Tainter (level 10, -3/56 HPs)
             Began as an Octopode Venom Mage on Aug 9, 2022.
             Was an Initiate of Vehumet.
             Slain by Prince Ribbit (17 damage)
             ... on level 8 of the Dungeon.
             The game lasted 00:33:41 (15112 turns).

spiderkeys the Tainter (Octopode Venom Mage)       Turns: 15112, Time: 00:33:43

Health: -3/56      AC:  1    Str: 13    XL:     10   Next: 40%
Magic:  4/37       EV: 13    Int: 23    God:    Vehumet [......]
Gold:   571        SH:  0    Dex: 12    Spells: 8/21 levels left

rFire   . . .      SeeInvis .   e - staff of conjuration {!a}
rCold   + . .      Faith    .   (no shield)
rNeg    . . .      Spirit   .   (helmet restricted)
rPois   .          Reflect  .   g - amulet of regeneration
rElec   .          Harm     .   S - +6 ring of strength
rCorr   .          Rampage  .   W - ring of magical power
Will    .....                   w - ring of magical power
Stlth   +++.......              C - ring of protection from cold
HPRegen 0.98/turn               (no ring)
MPRegen 0.25/turn               (no ring)
                                (no ring)
                                (no ring)

@: no status effects
A: almost no armour, amphibious, 8 rings, camouflage 1, gelatinous body 1,
(nimble swimmer 1), tentacles
a: Renounce Religion


You were on level 8 of the Dungeon.
You worshipped Vehumet.
Vehumet was noncommittal.
You visited 2 branches of the dungeon, and saw 9 of its levels.
You also visited: Sewer.

You collected 571 gold pieces.


Innate Abilities, Weirdness & Mutations

You cannot wear most types of armour.
You are amphibious.
You can wear up to eight rings at the same time.
Your skin changes colour to match your surroundings (Stealth+).
Your rubbery body absorbs attacks. (AC +1, EV +1)
((You are camouflaged when in or above water. (Stealth+)))
You have tentacles for arms and can constrict up to eight enemies at once.


   Skills:
 - Level 2.0 Dodging
 - Level 3.4 Stealth
 + Level 6.4 Spellcasting
 - Level 8.0 Conjurations
 - Level 5.0 Transmutations
 + Level 4.4 Fire Magic
 - Level 4.0 Air Magic
 - Level 9.0 Poison Magic


You had 8 spell levels left.
You knew the following spells:

 Your Spells              Type           Power      Damage    Failure   Level
f - Foxfire               Conj/Fire      100%       2x1d9     1%          1
m - Mephitic Cloud        Conj/Pois/Air  56%        N/A       1%          3
o - Olgreb's Toxic Radia  Pois           48%        N/A       1%          4
p - Poisonous Vapours     Pois/Air       74%        N/A       1%          2
r - Searing Ray           Conj           100%       2d8       1%          2
s - Sting                 Tmut/Pois      100%       1d8       1%          1

Your spell library contained the following spells:

 Spells                   Type           Power      Damage    Failure   Level
 Magic Dart               Conj           100%       1d8       1%          1
 Conjure Flame            Conj/Fire      52%        6-21      1%          3
 Flame Wave               Conj/Fire      52%        2d13      6%          4
 Inner Flame              Hex/Fire       17%        N/A       10%         3
 Fulminant Prism          Conj/Hex       19%        3d11      16%         4
 Portal Projectile        Hex/Tloc       14%        N/A       24%         3
 Tukima's Dance           Hex            7%         N/A       24%         3
 Blade Hands              Tmut           15%        N/A       28%         5

Inventory:

Hand Weapons
 d - a +0 whip
   (You took it off a kobold on level 1 of the Dungeon)
 j - a +0 dagger
   (You took it off a goblin on level 1 of the Dungeon)
Missiles
 b - 89 stones
 h - 24 poisoned darts
 o - 12 boomerangs
 s - a curare-tipped dart {=f}
Magical Staves
 e - a staff of conjuration (weapon) {!a}
   (You found it on level 2 of the Dungeon)
Jewellery
 g - an amulet of regeneration (around mantle)
   (You found it on level 7 of the Dungeon)
 w - a ring of magical power (on tentacle)
   (You found it on level 4 of the Dungeon)
 C - a ring of protection from cold (on tentacle)
   (You found it on level 4 of the Dungeon)
 G - an amulet of guardian spirit
   (You took it off an orc wizard on level 5 of the Dungeon)
 S - a +6 ring of strength (left tentacle)
   (You found it on level 1 of the Dungeon)
 W - a ring of magical power (right tentacle)
   (You found it on level 1 of the Dungeon)
Wands
 t - a wand of mindburst (7)
   (You found it on level 8 of the Dungeon)
Scrolls
 f - 3 scrolls of immolation {!r!r}
 i - 2 scrolls of identify {@r1}
 n - 4 scrolls of teleportation {@r4}
 p - 3 scrolls of enchant armour
 x - a scroll of blinking {!r}
Potions
 a - 2 potions of magic
 c - 2 potions of mutation {unknown}
 k - 2 potions of cancellation {unknown}
 l - 5 potions of might
 m - a potion of attraction {unknown}
 q - 4 potions of curing {@q1}
 r - a potion of flight {unknown}
 u - 2 potions of berserk rage {unknown}
 v - 2 potions of haste {unknown}

Dungeon Overview and Level Annotations

Branches:
Dungeon (8/15) Zot: 26695  Temple (1/1) D:7 Zot: 5891   Sewer (visited)
   Lair: D:8-11

Altars:
Ashenzari
Cheibriados
Dithmenos
Elyvilon
Fedhas
Kikubaaqudgha
Makhleb
Nemelex Xobeh
Okawaru
Qazlal
Ru
Sif Muna
Uskayaw
Vehumet
Wu Jian
Xom
Yredelemnul
Zin
The Shining One

Portals:
Bailey: D:8

Annotations:
D:5 2 transporters, nickcage's ghost, novice MfGl
D:8 Prince Ribbit

*,,,,.....* #####...≈≈
*,,,,.....# #.......)≈
*,,,,,....#######.......~~
*,,,,,,.........#........)
********#.......###.#.....
**********#.......###.#.....
*,,,*,,,,,+.......'.........
*,,,*,****#.......###.######
*,,,*,* #@...)..# #.#*####
*****,,,#.#####F......#*#.#*....
*,,,+,,,+>....)o...........,....
*,***,,,###....)..........#,....
*,* *,,.....o).)###########,....
*,* *,..........# *,....
*,***,..........#**********,....
*,*,,,...o.......,,,,,,,,,,,..,,
*,*,,,)...........,,,,,,,,,,.,,,


You could see Prince Ribbit, an orc warrior and 2 orcs.


Message History

The searing ray hits the gnoll!
You kill the gnoll!
Vehumet accepts your kill.
Prince Ribbit comes into view.
The water moccasin barely misses you.
The searing ray hits the water moccasin!
The water moccasin closely misses you. 😎 MP[-1]
You lost 1 mp, and now have 8/37 mp.
The searing ray hits the water moccasin.
The searing ray hits the gnoll!
You kill the gnoll!
Vehumet accepts your kill.
You finish channelling your searing ray.
Prince Ribbit gives a loud, deep croak!
The water moccasin bites you.
Prince Ribbit blinks!
The water moccasin bites you. 😕 HP[-6] MP[-1]
You take 6 damage, and now have 50/56 hp.
You lost 1 mp, and now have 7/37 mp.
Casting: Searing Ray (safe; 1% risk of failure)
Confirm with . or Enter, or press ? or * to list all spells.
You begin to radiate toxic energy.
The orc wizard looks even sicker.
The orc looks even sicker.
The orc wizard looks as sick as possible!
The water moccasin bites you! 😕 HP[-6] MP[-4]
You take 6 damage, and now have 44/56 hp.
You lost 4 mp, and now have 3/37 mp.
Casting: Olgreb's Toxic Radiance (dangerous; 1% risk of failure)
Confirm with . or Enter, or press ? or * to list all spells.
Aiming: Searing Ray (safe; 1% risk of failure)
Press: ? - help, Shift-Dir - straight line, f - orc
Aim: an orc, wielding a +0 club (severely wounded, very poisoned, 83% to hit)
You feel a surge of power!
The searing ray hits the water moccasin.
You kill the water moccasin!
Vehumet accepts your kill.
The searing ray hits the orc wizard!
You kill the orc wizard!
Vehumet accepts your kill.
The searing ray hits the orc!
You kill the orc!
Vehumet accepts your kill. (Press . to maintain the ray.)
Your toxic aura wanes.
Training target 8.0 for Conjurations reached!
Your Conjurations skill increases to level 8! 😕 HP[+1] MP[-1]
You lost 1 mp, and now have 2/37 mp.
You see here a water moccasin corpse. 😕 HP[+1]
An orc comes into view. It is wielding a +0 flail.
The orc shouts!
You hear a shout!
An orc warrior comes into view. It is wielding a +0 scimitar.
Prince Ribbit blinks!
Things that are here:
a +0 dagger; a +0 robe; an orc corpse; 😕 HP[+1] Unknown command.
Found a dagger.
Found a flagged portal. 😕 HP[+1]
You hit Prince Ribbit. Your grab misses Prince Ribbit.
Your squeeze misses Prince Ribbit.
Prince Ribbit hits you! 😮 HP[-16] MP[+1]
You take 16 damage, and now have 32/56 hp.
MASSIVE DAMAGE!! (PAUSE)
The orc warrior unwields a +0 scimitar.
The orc warrior wields a +0 arbalest.
The orc warrior shoots a bolt.
The bolt barely misses you. Prince Ribbit closely misses you.
Things that are here:
a +0 dagger; a +0 robe; an orc corpse; 😮 HP[+1]
The orc warrior shoots a bolt.
The bolt closely misses you.
You see here a water moccasin corpse. 😮 HP[+1] 😮 HP[+1]
As you read the scroll labelled FOEPSE TAOFONG, it crumbles to dust.
Your body is wracked with pain!
* * * LOW HITPOINT WARNING * * *
Prince Ribbit convulses!
It was a scroll of torment.
Prince Ribbit closely misses you. Prince Ribbit hits you!
* * * LOW HITPOINT WARNING * * *
😱 HP[-26] MP[+1]
You take 26 damage, and now have 9/56 hp.
MASSIVE DAMAGE!! (PAUSE)
You feel better. Prince Ribbit hits you!
* * * LOW HITPOINT WARNING * * *
😱 HP[-3]
You take 3 damage, and now have 6/56 hp.
Unknown command.
You feel better. Prince Ribbit hits you.
* * * LOW HITPOINT WARNING * * *
Prince Ribbit closely misses you. 😱 HP[+1]
Okay, then.
You feel better.
You hear the steady creaking of a portcullis very nearby.
An orc comes into view. It is wielding a +3 hand axe.
Prince Ribbit hits you!
You die...

Skill      XL: |  1  2  3  4  5  6  7  8  9 10 |
---------------+-------------------------------+-----
Stealth        | 3 |  3.4
Poison Magic   | 4 5 6 8 9 |  9.0
Conjurations   | 1 2 3 4 5 7 8 |  8.0
Fire Magic     | 1 2 3 4 |  4.4
Spellcasting   | 3 4 5 6 |  6.4
Transmutations | 2 4 5 |  5.0
Air Magic      | 1 2 3 4 |  4.0
Dodging        | |  2.0

Action                   |  1- 3 |  4- 6 |  7- 9 | 10-12 || total
-------------------------+-------+-------+-------+-------++-------
Melee: Tentacles         |     3 |     5 |    93 |       ||   101
       Dagger            |     3 |       |       |       ||     3
       Whip              |     1 |       |       |       ||     1
       Staff             |     5 |    28 |   216 |     4 ||   253
       Constrict         |     3 |     4 |     3 |     1 ||    11
       Punch             |       |     1 |     7 |       ||     8
Throw: Dart              |       |       |     1 |     1 ||     2
 Cast: Sting             |    50 |    60 |    15 |       ||   125
       Poisonous Vapours |    20 |    87 |   166 |     6 ||   279
       Foxfire           |     2 |     1 |    33 |    13 ||    49
       Searing Ray       |       |    14 |    48 |    10 ||    72
       Olgreb's Toxic Ra |       |       |     2 |     3 ||     5
       Mephitic Cloud    |       |       |     2 |       ||     2
  Use: Scroll            |     6 |     6 |     4 |     3 ||    19
       Potion            |       |     1 |     1 |     3 ||     5
Armor: Skin              |     4 |    17 |     8 |     3 ||    32
Dodge: Dodged            |    35 |    41 |    33 |    15 ||   124

Levels and vault maps discovered:
D:1:      evilmike_arrival_rings, layout_basic
D:2:      layout_rooms, basic_ecumenical_altar, chequers_hall_statues_wall_a
D:3:      layout_basic, st_stairs_6, kennysheep_generic_room_8
D:4:      layout_layer_cave, portal_sewer_entry_c, serial_forest,
          infiniplex_forest_straight_4, infiniplex_forest_straight_2,
          infiniplex_forest_straight_1, infiniplex_forest_end_2,
          infiniplex_forest_zigzag_2, infiniplex_forest_lined_3_way,
          infiniplex_forest_lined_3, kennysheep_opposing_triangles
D:5:      layout_loops_ring, fedhas_ov_isle_minmay, gammafunk_ghost_mausoleum,
          lightli_church_of_beogh
D:6:      layout_basic, okawaru_gym_becter, mainiacjoe_overflow_surrounded_room
D:7:      layout_layer_cave, nicolae_elyvilon_peaceful_grove,
          nicolae_uskayaw_en_pointe, mainiacjoe_overflow_small_starburst,
          minmay_temple_entry_statues_pillars, uniq_crazy_yiuf_cottage
D:8:      layout_basic, enter_bailey_2, uniq_grum, uniq_prince_ribbit1
Temple:   dshaligram_water_room_temple

Notes
Turn   | Place    | Note
-------+----------+-------------------------------------------
     0 | D:1      | spiderkeys the Octopode Venom Mage began the quest for the
                  | Orb.
     0 | D:1      | Reached XP level 1. HP: 11/11 MP: 3/3
     0 | D:1      | magus.rc [v1.11.3]
    71 | D:1      | You pick up a book of Flames and begin reading...
    71 | D:1      | You add the spells Foxfire, Conjure Flame, Inner Flame and
                  | Flame Wave to your library.
   328 | D:1      | Reached skill level 3 in Stealth
   328 | D:1      | Reached XP level 2. HP: 17/17 MP: 5/5
   481 | D:1      | Learned a level 2 spell: Poisonous Vapours
   483 | D:1      | Learned a level 1 spell: Foxfire
   841 | D:1      | You pick up a book of Conjurations and begin reading...
   841 | D:1      | You add the spells Magic Dart, Searing Ray and Fulminant
                  | Prism to your library.
  1045 | D:1      | Reached skill level 4 in Poison Magic
  1448 | D:1      | Reached XP level 3. HP: 21/21 MP: 6/6
  1894 | D:2      | Learned a level 2 spell: Searing Ray
  2083 | D:2      | Found a faded altar of an unknown god.
  2378 | D:2      | You pick up a book of Weapons and begin reading...
  2378 | D:2      | You add the spells Tukima's Dance, Portal Projectile and
                  | Blade Hands to your library.
  2428 | D:2      | Reached XP level 4. HP: 27/27 MP: 0/7
  2678 | D:2      | Reached skill level 1 in Conjurations
  2714 | D:2      | Reached skill level 1 in Fire Magic
  3563 | D:2      | Reached XP level 5. HP: 26/31 MP: 3/9
  3567 | D:2      | Reached skill level 3 in Spellcasting
  3817 | D:2      | Reached skill level 2 in Conjurations
  3817 | D:2      | Reached skill level 2 in Fire Magic
  4100 | D:3      | Reached skill level 5 in Poison Magic
  4100 | D:3      | Reached XP level 6. HP: 17/36 MP: 9/10
  4879 | D:3      | Reached skill level 2 in Transmutations
  5395 | D:4      | Noticed a wyvern
  5743 | D:4      | Found a glowing drain.
  5758 | D:4      | HP: 9/36 [river rat (1)]
  5760 | D:4      | Reached skill level 1 in Air Magic
  5770 | D:4      | HP: 13/54 [river rat (3)]
  5783 | Sewer    | Entered a sewer
  6225 | Sewer    | Reached skill level 3 in Conjurations
  6445 | D:4      | Reached XP level 7. HP: 41/41 MP: 12/12
  6662 | D:4      | HP: 7/61 [wyvern (12)]
  6663 | D:4      | Killed a wyvern
  6664 | D:4      | Reached skill level 3 in Transmutations
  6664 | D:4      | Reached skill level 2 in Air Magic
  7972 | D:5      | Entered Level 5 of the Dungeon
  8016 | D:5      | HP: 5/41 [centaur/arrow (7)]
  8018 | D:5      | Reached skill level 4 in Spellcasting
  8314 | D:5      | Found a transporter.
  8315 | D:5      | Noticed nickcage's ghost (novice MfGl)
  8409 | D:5      | Found a transporter.
  8430 | D:5      | Reached skill level 4 in Conjurations
  8453 | D:5      | Reached skill level 4 in Transmutations
  8633 | D:5      | Reached XP level 8. HP: 23/46 MP: 14/14
  8915 | D:5      | Found a blossoming altar of Fedhas.
  8964 | D:5      | Reached skill level 5 in Conjurations
  8965 | D:5      | Reached skill level 5 in Transmutations
  9338 | D:5      | Found a runed translucent door.
 10238 | D:5      | Reached skill level 3 in Air Magic
 11545 | D:5      | Reached skill level 6 in Poison Magic
 11548 | D:5      | Reached XP level 9. HP: 22/51 MP: 15/16
 11824 | D:6      | Learned a level 4 spell: Olgreb's Toxic Radiance
 11828 | D:6      | Learned a level 3 spell: Mephitic Cloud
 11889 | D:6      | Reached skill level 5 in Spellcasting
 11889 | D:6      | Reached skill level 6 in Conjurations
 11971 | D:6      | Found an iron altar of Okawaru.
 12020 | D:6      | Found a broken altar of Ashenzari.
 12646 | D:7      | Noticed a +0 dagger
 12647 | D:7      | Noticed a +0 spear
 12648 | D:7      | Noticed a +0 falchion
 12648 | D:7      | Noticed a +0 falchion
 12648 | D:7      | Noticed a +0 spear
 12649 | D:7      | Noticed a +0 short sword
 12650 | D:7      | Noticed a +0 dagger
 12655 | D:7      | Reached skill level 4 in Air Magic
 12680 | D:7      | Noticed a +0 short sword
 12726 | D:7      | Reached skill level 7 in Poison Magic
 12802 | D:7      | Found a hide-covered altar of Uskayaw.
 13108 | D:7      | Reached skill level 7 in Conjurations
 13172 | D:7      | Found a shimmering altar of Xom.
 13880 | D:7      | Reached skill level 3 in Fire Magic
 13911 | D:7      | Found a white marble altar of Elyvilon.
 13927 | D:7      | Found a staircase to the Ecumenical Temple.
 14445 | D:7      | Found a runed translucent door.
 14446 | D:7      | Noticed Crazy Yiuf
 14554 | D:7      | Killed Crazy Yiuf
 14555 | D:7      | Reached skill level 8 in Poison Magic
 14679 | Temple   | Entered the Ecumenical Temple
 14774 | Temple   | Became a worshipper of Vehumet
 14831 | D:8      | Noticed a hornet
 14835 | D:8      | Killed a hornet
 14915 | D:8      | Reached XP level 10. HP: 38/56 MP: 18/18
 14997 | D:8      | Noticed a two-headed ogre
 15021 | D:8      | Killed a two-headed ogre
 15022 | D:8      | Reached skill level 6 in Spellcasting
 15022 | D:8      | Reached skill level 4 in Fire Magic
 15022 | D:8      | Reached skill level 9 in Poison Magic
 15097 | D:8      | Noticed Prince Ribbit
 15102 | D:8      | Reached skill level 8 in Conjurations
 15104 | D:8      | Found a flagged portal.
 15109 | D:8      | HP: 9/56 [Prince Ribbit (11)]
 15112 | D:8      | Slain by Prince Ribbit

Vanquished Creatures
  A two-headed ogre (D:8)
  A hornet (D:8)
  A wyvern (D:4)
  A steam dragon (D:7)
  A water moccasin (D:8)
  3 orc warriors
  2 sky beasts (D:7)
  An ice beast (D:5)
  An ogre (D:6)
  A centaur (D:5)
  A kobold brigand (D:6)
  2 bullfrogs (D:8)
  2 necrophages
  A gnoll sergeant (D:5)
  2 scorpions
  15 wights
  4 killer bees (D:5)
  2 howler monkeys (D:7)
  An electric eel (D:8)
  A jelly (D:5)
  A hound (D:7)
  2 gnoll boudas
  3 orc priests (D:5)
  Crazy Yiuf (D:7)
  11 orc wizards
  3 iguanas
  A hell rat (Sewer)
  19 gnolls
  4 adders
  7 river rats
  4 shadow imps
  An ufetubus (D:6)
  3 worms (D:2)
  3 dart slugs
  45 orcs
  4 endoplasms
  2 giant cockroaches
  5 hobgoblins
  6 jackals
  8 kobolds
  A quokka (D:4)
  4 ball pythons
  5 bats
  5 frilled lizards
  10 goblins
  8 rats
  2 bushes (D:4)
212 creatures vanquished.

Vanquished Creatures (others)
  A butterfly (D:7)
  79 foxfires
  3 plants
83 creatures vanquished.

Grand Total: 295 creatures vanquished

Table legend:
 A = Non-vault XP
 B = Vault XP
 C = Vault XP percentage of total XP
 D = Non-vault monster count
 E = Vault monster count
 F = Vault count percentage of total count
                 A         B        C        D         E       F
            +---------+---------+-------+---------+---------+-------
      Total |    5725 |     771 |  11.9 |     162 |      48 |  22.9
            +---------+---------+-------+---------+---------+-------
        D:1 |      38 |       0 |   0.0 |      22 |       0 |   0.0
        D:2 |     243 |       0 |   0.0 |      27 |       0 |   0.0
        D:3 |     120 |      16 |  11.8 |      19 |       2 |   9.5
        D:4 |     225 |     145 |  39.2 |      11 |      11 |  50.0
        D:5 |    1075 |     479 |  30.8 |      30 |      25 |  45.5
        D:6 |     353 |       0 |   0.0 |       8 |       0 |   0.0
        D:7 |    1495 |      40 |   2.6 |      24 |       1 |   4.0
        D:8 |    2176 |       0 |   0.0 |      21 |       0 |   0.0
      Sewer |       0 |      91 | 100.0 |       0 |       9 | 100.0
            +---------+---------+-------+---------+---------+-------

Illustrated notes

Table legend:
 A = Kills in this place as a percentage of kills in entire the game.
 B = Kills by you in this place as a percentage of kills by you in the entire game.
 C = Kills by friends in this place as a percentage of kills by friends in the entire game.
 D = Other kills in this place as a percentage of other kills in the entire game.
 E = Experience gained in this place as a percentage of experience gained in the entire game.
 F = Experience gained in this place divided by the number of levels of this place that you have seen.
                   A       B       C       D       E      F
               +-------+-------+-------+-------+-------+----------------------
         Total | 100.0 | 100.0 |   N/A |   N/A | 100.0 | 649.6
       Dungeon |  95.7 |  95.7 |   N/A |   N/A |  98.6 | 800.6
         Sewer |   4.3 |   4.3 |   N/A |   N/A |   1.4 |  91.0
               +-------+-------+-------+-------+-------+----------------------

Table legend: (Time is in decaauts)
 A = Elapsed time spent in this place.
 B = Non-inter-level travel time spent in this place.
 C = Inter-level travel time spent in this place.
 D = Time resting spent in this place.
 E = Time spent auto-exploring this place.
 F = Levels seen in this place.
 G = Mean time per level.
                   A        B        C        D        E       F      G
               +--------+--------+--------+--------+--------+-----+--------+
         Total |  15161 |  14687 |    474 |   3826 |   8586 |  10 | 1516.1 |
       Dungeon |  14460 |  13998 |    462 |   3491 |   8326 |   8 | 1807.5 |
        Temple |    108 |     96 |     12 |      0 |     76 |   1 |  108.0 |
         Sewer |    592 |    592 |      0 |    335 |    184 |   1 |  592.0 |
               +--------+--------+--------+--------+--------+-----+--------+

Top non-repeatable levels by time:
     D:5: 3825 daAuts
     D:1: 2234 daAuts
     D:7: 2111 daAuts
     D:4: 2096 daAuts
     D:2: 1843 daAuts
     D:3: 1254 daAuts
     D:6: 791 daAuts
   Sewer: 592 daAuts
     D:8: 303 daAuts
  Temple: 108 daAuts
